Map: Odyssey LE

Players

Snute - Winner!

  • Race: Zerg Zerg
  • Spawn Location: 5:00

Kelazhur

  • Race: Terran Terran
  • Spawn Location: 11:00

Event: WCS Montreal 2017

VOD

Have the link to the VOD?

Description

Time

  • Played on: Sept. 9, 2017, 8:14 p.m.
  • Length: 24:23

All games in this series

Show
View Real Time Build Order
Export as new Build Order

Snute Zerg - Winner!

Build Orders: Pool First, Muta Ling Bane 

Get SALT Encoding   

  12  0:00  Drone  
  13  0:12  Overlord  
  13  0:16  Drone  
  14  0:30  Drone x2  
  14  0:34  Drone  
  17  0:43  Spawning Pool  
  17  0:47  Drone  
  17  1:08  Hatchery  
  17  1:10  Drone  
  17  1:13  Drone  
  17  1:15  Extractor  
  17  1:19  Drone  
  18  1:30  Queen  
  18  1:32  Zergling x2  
  21  1:39  Overlord  
  21  1:50  Drone  
  22  2:00  Drone  
  23  2:06  Queen  
  25  2:11  Drone  
  26  2:18  Metabolic Boost  
  26  2:19  Queen  
  26  2:21  Drone  
  30  2:22  Drone  
  30  2:30  Drone  
  30  2:32  Overlord  
  31  2:43  Overlord  
  30  2:45  Zergling x6  
  33  2:57  Queen  
  35  2:59  Overlord  
  35  3:01  Zergling x2  
  35  3:02  Zergling x2  
  37  3:05  Queen  
  39  3:14  Zergling x6  
  42  3:22  Zergling x2  
  42  3:23  Zergling x6  
  42  3:27  Zergling x4  
  41  3:49  Drone x7  
  44  3:59  Drone x2  
  45  4:04  Queen  
  47  4:10  Zergling x2, Hatchery  
  47  4:11  Zergling x2  
  48  4:19  Zergling x8  
  52  4:29  Zergling x4  
  51  4:34  Zergling x2  
  51  4:35  Zergling x6  
  51  4:37  Queen  
  54  4:40  Queen, Zergling x2  
  57  4:46  Zergling x2  
  58  4:54  Zergling x4  
  59  5:16  Zergling x2  
  59  5:17  Overlord  
  59  5:18  Overlord  
  59  5:21  Overlord, Evolution Chamber x2  
  58  5:23  Extractor, Hatchery  
  56  5:30  Zergling x2  
  56  5:31  Zergling x8  
  60  5:40  Zergling x4  
  61  5:45  Drone x4  
  61  5:46  Zerg Ground Armor Level 1  
  61  5:54  Drone x2  
  61  5:55  Drone  
  61  5:56  Drone x4  
  67  6:06  Drone x2  
  67  6:09  Drone x2  
  67  6:10  Drone x2  
  73  6:15  Drone  
  73  6:17  Zerg Melee Weapons Level 1  
  74  6:19  Drone x3  
  74  6:21  Drone x2  
  79  6:26  Lair  
  78  6:35  Drone x4  
  78  6:38  Overlord  
  78  6:39  Drone x2  
  83  6:41  Overlord, Extractor  
  83  6:44  Drone x2  
  83  6:45  Extractor  
  83  6:46  Drone  
  84  6:50  Drone  
  84  6:51  Drone x2  
  87  6:56  Overlord  
  87  6:58  Baneling Nest, Drone x2  
  87  6:59  Drone  
  88  7:10  Drone x4  
  88  7:13  Zergling x4  
  88  7:14  Zergling x12  
  97  7:20  Extractor  
  96  7:26  Zergling x2  
  96  7:29  Hatchery  
  96  7:31  Spire  
  95  7:41  Zerg Ground Armor Level 2  
  95  7:49  Extractor, Centrifical Hooks  
  95  7:50  Zergling x2  
  95  7:51  Zergling x28  
  106  8:05  Zergling x2  
  106  8:06  Zergling x10  
  111  8:13  Overlord  
  111  8:17  Overlord x2  
  101  8:33  Overlord x3  
  101  8:34  Zergling x30  
  103  8:35  Zerg Melee Weapons Level 2  
  103  8:36  Pneumatized Carapace  
  116  8:45  Mutalisk x4  
  116  8:46  Overseer  
  124  8:48  Zerg Flyer Weapons Level 1  
  120  8:56  Drone x6  
  120  8:57  Drone  
  127  9:08  Mutalisk x3  
  133  9:16  Infestation Pit  
  132  9:25  Mutalisk, Extractor  
  132  9:37  Zergling x12  
  132  9:38  Zergling x12  
  137  9:52  Hive  
  136  10:06  Hatchery  
  126  10:10  Mutalisk x6  
  126  10:12  Zergling x2  
  126  10:13  Zergling x24  
  136  10:38  Mutalisk x2  
  136  10:39  Overlord  
  136  10:40  Overlord x2  
  136  10:42  Hatchery  
  139  10:43  Zergling x14  
  144  10:55  Overseer x3  
  144  11:05  Zerg Ground Armor Level 3  
  144  11:08  Ultralisk Cavern  
  143  11:17  Overseer  
  136  11:18  Zerg Melee Weapons Level 3  
  136  11:29  Zergling x14  
  136  11:30  Queen x2  
  134  11:47  Zergling x6  
  134  11:48  Zergling x14  
  134  11:49  Baneling x14  
  144  11:55  Chitinous Plating  
  132  12:12  Ultralisk x2  
  142  12:20  Drone x2  
  144  12:28  Ultralisk  
  138  12:32  Extractor  
  137  12:39  Ultralisk  
  137  12:41  Zergling x18  
  137  12:42  Zergling x12  
  154  12:55  Ultralisk  
  160  13:06  Baneling x4  
  160  13:07  Baneling x3  
  160  13:09  Overlord x3  
  160  13:10  Overlord  
  160  13:20  Adrenal Glands  
  160  13:22  Baneling x9  
  134  13:41  Ultralisk x2  
  146  13:53  Zergling x24  
  146  13:55  Zergling x18  
  161  14:13  Zergling x18  
  163  14:20  Hatchery  
  162  14:26  Baneling x2  
  162  14:27  Mutalisk x2, Baneling x5  
  162  14:31  Hatchery  
  165  14:40  Overseer x2  
  161  14:55  Ultralisk x3  
  179  15:11  Queen  
  179  15:12  Queen x3  
  164  15:15  Ultralisk  
  168  15:22  Baneling  
  168  15:23  Baneling x14  
  168  15:42  Ultralisk x2  
  178  15:55  Mutalisk x4  
  183  16:15  Ultralisk  
  189  16:21  Zerg Flyer Armor Level 1  
  189  16:25  Overlord x2  
  187  16:26  Overlord  
  182  16:39  Overlord x2  
  182  17:04  Hatchery  
  182  17:08  Corruptor x6  
  180  17:33  Ultralisk x2  
  180  17:36  Overseer x2  
  188  17:47  Ultralisk  
  190  18:08  Ultralisk  
  189  18:26  Hatchery  
  188  18:43  Ultralisk  
  188  18:47  Baneling x4  
  194  18:53  Zergling x10  
  173  19:25  Ultralisk x2  
  185  19:41  Ultralisk  
  185  19:42  Overlord  
  191  19:50  Overseer  
  190  19:59  Zergling x8  
  191  20:00  Zergling x2  
  184  20:09  Zergling x10  
  184  20:10  Zergling x18  
  186  20:16  Zergling x10  
  186  20:17  Zergling x6  
  192  20:25  Overlord  
  191  20:36  Corruptor  
  191  20:38  Overlord x2  
  193  21:00  Burrow  
  190  21:17  Corruptor x3  
  191  21:23  Corruptor x2  
  191  21:24  Zergling x2  
  191  21:25  Zergling x6  
  198  21:40  Zerg Flyer Weapons Level 2  
  198  21:48  Overseer x3  
  198  21:51  Overlord  
  198  22:20  Overlord, Baneling x11  
  198  22:21  Overlord  
  198  22:22  Extractor  
  191  22:32  Corruptor  
  191  22:34  Overlord x2  
  184  22:41  Ultralisk  
  178  23:03  Zergling x26  
  178  23:04  Zergling x34  
  194  23:12  Zergling x6  
  185  23:18  Queen x3  
  185  23:21  Extractor  
  185  23:23  Extractor  
  181  23:31  Zergling x16  
  181  23:32  Zergling x10  
  194  23:41  Ultralisk  
  194  23:47  Drone, Hatchery  
  194  23:48  Drone x6  
  200  23:54  Overseer  
  200  24:06  Overseer  
Show
View Real Time Build Order
Export as new Build Order

Kelazhur Terran 

Build Orders: Bio Mine 

Get SALT Encoding   

  12  0:00  SCV  
  13  0:12  SCV  
  14  0:17  Supply Depot  
  14  0:25  SCV  
  15  0:38  SCV  
  15  0:40  Barracks  
  16  0:43  Refinery  
  16  0:50  SCV  
  17  0:59  Barracks  
  17  1:02  SCV  
  18  1:14  SCV  
  19  1:20  Barracks  
  19  1:27  Reaper  
  19  1:29  Refinery  
  20  1:42  Orbital Command  
  20  1:46  Reaper  
  21  1:54  Supply Depot  
  21  1:59  Reaper  
  22  2:07  Reaper  
  23  2:15  SCV  
  23  2:18  Reaper  
  23  2:19  Supply Depot  
  25  2:27  SCV  
  26  2:31  Reaper  
  27  2:39  Reaper  
  27  2:40  SCV  
  29  2:50  Reaper  
  30  2:52  SCV  
  31  3:03  Reaper  
  31  3:04  SCV  
  33  3:12  Command Center  
  33  3:13  Reaper  
  34  3:22  SCV  
  34  3:25  Reaper  
  35  3:29  Supply Depot  
  35  3:34  SCV  
  36  3:35  Reaper  
  36  3:59  SCV, Reaper  
  38  4:06  Command Center  
  38  4:08  Reaper x2  
  40  4:11  SCV  
  41  4:24  SCV  
  39  4:33  Orbital Command  
  39  4:36  Barracks Tech Lab  
  39  4:39  SCV  
  39  4:41  Barracks Reactor x2  
  39  4:43  Factory  
  40  4:48  Bunker  
  40  4:51  SCV  
  41  4:56  Marine  
  41  4:57  Stimpack  
  42  5:01  SCV  
  42  5:03  SCV  
  44  5:14  Marine, SCV  
  42  5:17  SCV  
  42  5:19  Orbital Command  
  40  5:22  Marine x4  
  40  5:26  SCV  
  45  5:32  Marine, SCV  
  41  5:38  SCV  
  41  5:39  Marine  
  41  5:40  Marine  
  43  5:44  SCV  
  43  5:47  Marine  
  43  5:49  SCV  
  42  5:50  SCV  
  42  5:56  SCV  
  43  5:58  Marine  
  43  6:01  SCV  
  43  6:02  SCV  
  46  6:08  SCV  
  46  6:14  SCV x2  
  48  6:19  Starport  
  48  6:20  Factory Reactor  
  48  6:21  SCV  
  49  6:26  SCV x2  
  49  6:32  Marine x2  
  52  6:33  SCV  
  52  6:38  Marine, SCV x2  
  52  6:39  Marine x2  
  58  6:45  SCV  
  59  6:50  SCV  
  59  6:51  SCV, Engineering Bay  
  59  6:52  Engineering Bay  
  61  6:57  SCV  
  62  7:02  SCV  
  62  7:03  Supply Depot, Medivac x2  
  67  7:12  Marine  
  67  7:13  Marine x2, SCV  
  67  7:15  SCV  
  71  7:18  Terran Infantry Weapons Level 1  
  71  7:19  Terran Infantry Armor Level 1  
  71  7:22  SCV  
  72  7:23  Refinery  
  72  7:24  Marine x2, Refinery  
  72  7:25  Factory Reactor, SCV  
  72  7:28  Supply Depot  
  76  7:30  Marine, SCV  
  76  7:32  Marine  
  76  7:33  Marine  
  76  7:34  SCV  
  80  7:41  Orbital Command, Marine  
  81  7:45  Marauder  
  81  7:49  Barracks x2  
  81  7:51  SCV x2  
  85  7:54  Marine x2  
  85  7:55  Armory, Marine  
  88  8:04  Marine  
  89  8:07  Marine  
  89  8:09  Medivac x2  
  89  8:12  Marine  
  92  8:14  SCV  
  92  8:19  Supply Depot  
  93  8:20  Supply Depot  
  93  8:25  Marine, SCV  
  88  8:30  Marine x2  
  88  8:31  Marine  
  88  8:32  SCV x2, Marauder  
  89  8:35  Widow Mine x2  
  89  8:40  Barracks Reactor  
  89  8:41  Supply Depot, SCV  
  94  8:43  Barracks Reactor  
  94  8:44  SCV  
  94  8:46  SCV  
  94  8:48  Supply Depot  
  96  8:49  Medivac  
  96  8:53  SCV  
  99  8:56  SCV  
  99  8:58  SCV  
  99  8:59  Marine  
  102  9:07  Marine x2, Marauder  
  106  9:12  SCV  
  106  9:14  Marine, Terran Infantry Weapons Level 2  
  106  9:15  Terran Infantry Armor Level 2  
  106  9:16  SCV x2  
  110  9:18  Medivac, Refinery  
  110  9:19  Medivac  
  110  9:20  Marine  
  110  9:22  Supply Depot, Marine  
  110  9:23  Factory Tech Lab  
  116  9:24  SCV  
  116  9:26  Marine  
  116  9:28  SCV  
  116  9:29  Marauder  
  121  9:35  Marine  
  121  9:36  Factory, Marine x3  
  123  9:39  Marine  
  123  9:42  Missile Turret  
  123  9:43  Widow Mine x2, Missile Turret x2  
  122  9:48  Medivac  
  122  9:49  Medivac, Marine x3  
  122  9:50  Marine  
  130  9:53  Marine x3  
  133  10:02  Marine  
  133  10:06  Marine  
  118  10:07  Combat Shields  
  118  10:08  Marauder  
  118  10:12  Marine x6, Widow Mine x2  
  112  10:18  Medivac  
  112  10:20  Marine  
  113  10:24  Marine  
  114  10:29  Marine, Marauder  
  114  10:30  Factory Tech Lab, Marine  
  114  10:31  Marine x2  
  120  10:40  Marine  
  120  10:41  Marine, Widow Mine x2  
  126  10:48  SCV  
  126  10:49  Command Center  
  127  10:50  Medivac x2, Marine  
  127  10:51  Marine  
  133  11:09  Supply Depot x2, Marine x2, Thor  
  133  11:10  Supply Depot x2  
  141  11:16  Marine x2  
  141  11:17  Drilling Claws, Marine  
  141  11:30  Marine, Widow Mine x2, Marauder  
  141  11:32  Marine  
  149  11:33  Marine x3  
  152  11:43  Missile Turret x2  
  152  11:45  Marine  
  149  11:52  Marauder  
  151  11:55  Marine  
  151  11:58  Unknown  
  152  12:01  Terran Infantry Weapons Level 3  
  152  12:02  Widow Mine  
  152  12:03  Widow Mine, Thor  
  157  12:13  Marauder  
  157  12:14  Engineering Bay  
  159  12:15  Liberator  
  159  12:16  Liberator, Marine x3  
  159  12:17  Marine x4  
  159  12:22  Supply Depot  
  149  12:31  Marine  
  149  12:34  Marine x3  
  149  12:35  Marauder  
  161  12:43  Marine  
  160  12:47  Widow Mine  
  160  12:48  Widow Mine, Thor  
  160  12:50  Planetary Fortress  
  168  12:55  Marine x3  
  168  12:56  Marauder, Marine x4, Missile Turret  
  168  12:57  Missile Turret  
  177  13:00  Marine  
  178  13:13  Marine  
  177  13:23  Starport  
  177  13:24  Starport  
  177  13:29  Widow Mine x2  
  178  13:36  Liberator x2  
  151  13:43  Marine  
  151  13:44  Marine x7, Marauder  
  151  13:46  Widow Mine  
  144  13:58  Widow Mine x2  
  144  14:01  Marine  
  145  14:03  Marine x7  
  145  14:05  Marauder  
  154  14:10  Command Center  
  154  14:15  Terran Infantry Armor Level 3  
  154  14:16  Liberator x2  
  152  14:26  Marauder  
  154  14:38  Liberator  
  160  14:43  Orbital Command  
  152  14:52  Marine  
  152  14:53  Missile Turret, Marine x2, Marauder  
  152  14:56  Liberator  
  152  15:05  Marine  
  144  15:14  Marauder  
  144  15:15  Widow Mine x2  
  144  15:16  Liberator  
  146  15:22  Marine x7  
  154  15:46  Missile Turret x2  
  153  15:50  Widow Mine x3  
  153  15:53  Refinery  
  153  15:55  Refinery  
  155  15:57  Refinery  
  155  15:58  Marauder  
  155  15:59  Marine x6  
  158  16:04  Marine x2  
  157  16:15  Liberator  
  157  16:16  Liberator, Marine  
  157  16:17  Marine  
  159  16:19  Marauder  
  159  16:24  Marine x2  
  156  16:33  Starport Tech Lab  
  156  16:38  Marine  
  163  16:40  Marine  
  163  16:41  Marauder  
  163  16:43  Marine  
  164  16:47  Marine  
  164  16:50  SCV x3  
  164  16:52  Marine x4  
  164  16:53  Missile Turret  
  172  16:54  Missile Turret  
  172  16:56  Marine  
  173  17:01  Marine  
  173  17:02  Marine x2, SCV x2  
  173  17:05  Marine  
  173  17:06  Widow Mine x2, Thor  
  187  17:09  Missile Turret  
  187  17:10  Marine, Planetary Fortress  
  187  17:11  Missile Turret  
  187  17:12  Marine, SCV  
  180  17:24  Marine  
  180  17:25  Marine, Marauder  
  180  17:27  Marine  
  184  17:33  Building Armor  
  184  17:35  Widow Mine x2  
  186  17:42  SCV x2  
  176  17:52  Marine x5  
  181  17:58  Terran Ship Weapons Level 1  
  174  18:13  Marauder  
  174  18:19  Marine  
  172  18:22  Marine x4, Widow Mine x2  
  172  18:23  Thor  
  172  18:24  Missile Turret  
  180  18:30  SCV x2  
  180  18:32  Command Center  
  181  18:35  Marauder  
  183  18:42  SCV x2  
  185  18:50  Marine x3  
  188  18:56  Supply Depot  
  188  19:01  Marine x2  
  188  19:02  Marauder  
  180  19:09  Liberator  
  162  19:18  Widow Mine  
  162  19:19  Marine, Widow Mine  
  162  19:20  SCV  
  162  19:23  Marauder  
  153  19:26  Liberator x3  
  156  19:32  Supply Depot  
  156  19:41  Supply Depot  
  165  19:46  Supply Depot  
  165  19:47  SCV x2  
  165  19:52  Liberator  
  164  20:00  Widow Mine x2  
  164  20:01  Widow Mine  
  170  20:09  Liberator x2, Marauder  
  154  20:26  SCV x2  
  154  20:27  Orbital Command  
  161  20:31  SCV  
  162  20:38  Liberator, SCV x2  
  162  20:41  Refinery  
  163  20:43  SCV  
  163  20:47  Marine x7  
  163  20:48  Marine, Marauder  
  174  20:53  Refinery  
  177  21:02  SCV x2  
  170  21:05  Marine x3  
  170  21:08  Marine x2  
  173  21:11  Marine  
  173  21:14  SCV x2  
  170  21:26  Orbital Command, SCV  
  170  21:29  Marauder  
  173  21:38  Marine  
  173  21:39  Marine  
  172  21:51  Marauder  
  174  21:56  Supply Depot x2  
  174  22:02  Marine x6  
  174  22:05  Liberator  
  180  22:10  Barracks x2  
  180  22:11  Barracks  
  180  22:17  SCV x2  
  182  22:32  Widow Mine x3  
  182  22:40  Liberator  
  182  22:42  Command Center  
  182  22:56  Marauder  
  146  22:59  Marine x8  
  146  23:00  Widow Mine x2  
  117  23:16  Marine  
  117  23:17  Marine x2  
  112  23:29  Medivac  
  110  23:35  Marine x8, Marauder  
  121  23:41  Refinery  
  121  23:44  SCV x3  
  121  23:48  Barracks Tech Lab x2  
  124  23:49  Barracks Tech Lab  
  124  23:53  Marine x3  
  126  23:58  SCV x3  
  126  23:59  Refinery  
Tags
 
Add a new tag
Caveats
  • Supply blocks, unpowered buildings, or Contaminate may cause inaccurate times.
  • Supply counts are checked every 10 seconds.